 Dungeon Crawl Stone Soup version 5.5-19-gbfab8aa (webtiles) character file.

536 gishou the Geomancer (level 8, -5/48 HPs)
             Began as a Gargoyle Earth Elementalist on Apr 26, 2018.
             Was an Elder of Zin.
             Shot with an arrow by a centaur (9 damage)
             ... on level 6 of the Dungeon.
             The game lasted 00:10:39 (3966 turns).

gishou the Geomancer (Gargoyle Earth Elementalist)  Turns: 3966, Time: 00:10:39

Health: -5/48      AC:  8 (31%)Str: 12  XL:     8   Next: 77%
Magic:  14/14      EV: 13    Int: 18    God:    Zin [4*[100]]
Gold:   263        SH:  0    Dex: 10    Spells: 3/13 levels left

rFire    + . .     SeeInvis .   q - +6 rapier (holy)
rCold    . . .     Faith    .   (no shield)
rNeg     + . .     Spirit   .   c - +0 robe
rPois    ∞         Reflect  .   (no helmet)
rElec    +                      (no cloak)
rCorr    .                      (no gloves)
MR       .....                  u - +0 pair of boots
Stlth    +++.......             h - amulet of destruction
Regen    0.2/turn               a - ring of fire
MPRegen  0.3/turn               (no ring)

@: no status effects
A: negative energy resistance 1, electricity resistance, unbreathing, evolution,
petrification resistance, rot immunity, AC +5
a: Recite, Vitalisation, Imprison, Donate Gold, Renounce Religion


You were on level 6 of the Dungeon.
You worshipped Zin.
Zin was greatly pleased with you.
You were not hungry.

You visited 1 branch of the dungeon, and saw 6 of its levels.
You also visited: Ossuary.

You collected 292 gold pieces.
You donated 29 gold pieces to Zin.

Inventory:

Hand Weapons
 e - a +0 dagger
 q - a +6 rapier of holy wrath (weapon)
Missiles
 b - 14 frenzy darts (quivered)
 m - 120 tomahawks
 p - 261 poisoned darts
 w - 72 javelins
Armour
 c - a +0 robe (worn)
 u - a +0 pair of boots (worn)
Jewellery
 a - a ring of fire (left hand)
 h - an amulet of destruction (around neck)
 i - an uncursed amulet of faith
 l - a +3 amulet of reflection
Scrolls
 d - 5 scrolls of teleportation
 f - 2 scrolls of fog
 g - a scroll of enchant armour
 n - 3 scrolls of amnesia
 o - 2 scrolls of magic mapping
 s - 2 scrolls of enchant weapon
Potions
 j - 2 potions of invisibility
 k - a potion of magic
 r - a potion of flight
 t - a potion of resistance
 v - 4 potions of augmentation
 x - a potion of heal wounds
 z - a potion of ambrosia
 A - 2 potions of mutation
 B - 2 potions of lignification


   Skills:
 + Level 4.3 Fighting
 + Level 3.9 Dodging
 + Level 5.8 Stealth
 - Level 3.0 Transmutations
 * Level 9.2 Earth Magic


You had 3 spell levels left.
You knew the following spells:

 Your Spells              Type           Power        Failure   Level  Hunger
a - Sandblast             Erth           25 (25)      1%          1    N/A
b - Lee's Rapid Deconstr  Erth           33 (200)     14%         5    N/A
c - Petrify               Tmut/Erth      22 (100)     17%         4    N/A

Dungeon Overview and Level Annotations

Branches:
Dungeon (6/15)

Altars:
Cheibriados
Gozag
Okawaru
Qazlal
Sif Muna
Uskayaw
Wu Jian
Xom
Zin
The Shining One

Annotations:
D:6 Edmund


Innate Abilities, Weirdness & Mutations

You are resistant to torment.
Your stone body is resilient. (AC +5)
You are immune to poison.
You resist negative energy. (rN+)
You are resistant to electric shocks. (rElec)
You can survive without breathing.
You are immune to petrification.
You are immune to rotting.
You evolve.


Message History

The orc warrior misses you.
The centaur shoots an arrow.
The arrow hits you (10)!
* * * LOW HITPOINT WARNING * * *
The jackal bites you (1).
* * * LOW HITPOINT WARNING * * *
The jackal misses you.
The centaur shoots an arrow.
The arrow hits you (5).
* * * LOW HITPOINT WARNING * * *
Found a wand of polymorph (9).
Found 2 potions of lignification.
The jackal misses you.
Your amulet of destruction loses attunement.
Found 16 gold pieces.
Found a deep blue altar of Sif Muna.
Press: ? - help, Dir - move target cursor, f - jackal
Aim: a jackal You need more space to imprison the jackal.
Found 7 gold pieces.
The centaur shoots an arrow.
The arrow hits you (9)!
You die...

##....h.h....###.........
#..$...@o..##.#.........
#.#...##ho##^^#.....#..)
#####.##h##..^'.#...###.
#..####c.##..#....## #.
#8..#.#../##.#.##.# ..
+._...h.#..###.##.# .#
#8..#..###..##.p#.# #. #.
#.@# #..#....# #. #$..#
#...##.# #.#... ######.#
$.$..##. #.# #..#.## ..
#.# ..##. ## #.# .. # #..
#.. #..


You could see an orc warrior, a centaur, an orc and 3 jackals.

Vanquished Creatures
  Pikel (D:6)
  Eustachio (D:4)
  A water moccasin (D:6)
  A slave (D:6)
  An ogre (D:4)
  3 scorpions
  A howler monkey (D:5)
  A hound (D:4)
  3 orc wizards
  An orc priest (D:6)
  2 bullfrog skeletons (D:5)
  3 worker ants
  2 hound zombies (D:5)
  3 mummies
  A howler monkey skeleton (D:5)
  3 gnolls (D:2)
  4 adders
  7 adder zombies (Ossuary)
  2 dart slugs
  11 orcs
  4 quokkas
  2 giant cockroaches
  6 goblins
  5 hobgoblins
  6 jackals
  5 bats
  A frilled lizard (D:2)
  5 hobgoblin zombies (Ossuary)
  A jackal skeleton (D:4)
  10 kobolds
  4 kobold zombies (Ossuary)
  8 orc zombies (Ossuary)
  9 rats
118 creatures vanquished.

Vanquished Creatures (others)
  An ooze (D:6)
1 creature vanquished.

Grand Total: 119 creatures vanquished

Notes
Turn   | Place    | Note
-------+----------+-------------------------------------------
     0 | D:1      | gishou the Gargoyle Earth Elementalist began the quest for the Orb.
     0 | D:1      | Reached XP level 1. HP: 10/10 MP: 2/2
     0 | D:1      | Noticed a tentacled monstrosity
     0 | D:1      | Noticed a tentacled monstrosity
     0 | D:1      | Noticed a large abomination
     3 | D:1      | Noticed a shadow dragon
     3 | D:1      | Noticed a tentacled monstrosity
     5 | D:1      | Noticed an iron dragon
     7 | D:1      | Noticed a large abomination
     8 | D:1      | Noticed an iron dragon
     9 | D:1      | Noticed an acid robin
    11 | D:1      | Noticed an orb of fire
    11 | D:1      | Noticed an ice dragon
    13 | D:1      | Noticed an ice dragon
    15 | D:1      | Noticed an ice dragon
    15 | D:1      | Noticed an ice dragon
    17 | D:1      | Noticed an ice dragon
    19 | D:1      | Noticed an acid robin
    21 | D:1      | Noticed a shadow dragon
   230 | D:1      | Reached skill level 5 in Earth Magic
   272 | D:1      | Reached XP level 2. HP: 15/15 MP: 0/4
   695 | D:1      | Gained mutation: You are frail. (-10% HP) [mutagenic hatch]
   746 | D:2      | Reached XP level 3. HP: 18/18 MP: 3/5
   808 | D:2      | Learned a level 2 spell: Passwall
   958 | D:2      | Reached XP level 4. HP: 21/21 MP: 5/7
  1168 | D:2      | Reached skill level 1 in Fighting
  1478 | D:3      | Found a glowing silver altar of Zin.
  1487 | D:3      | Reached skill level 6 in Earth Magic
  1487 | D:3      | Reached XP level 5. HP: 26/26 MP: 7/9
  1492 | D:3      | Became a worshipper of Zin the Law-Giver
  1545 | D:3      | Reached * piety under Zin
  1598 | D:3      | Found an ornate altar of the Wu Jian Council.
  1631 | D:3      | Reached XP level 6. HP: 31/31 MP: 9/11
  1666 | D:3      | Found an iron altar of Okawaru.
  1829 | D:3      | Found a glowing golden altar of the Shining One.
  1914 | D:3      | Found a snail-covered altar of Cheibriados.
  2081 | D:3      | Found a shimmering altar of Xom.
  2153 | D:4      | Found an opulent altar of Gozag.
  2173 | D:4      | Noticed a hand axe
  2173 | D:4      | Found a hide-covered altar of Uskayaw.
  2174 | D:4      | Noticed a dagger
  2223 | D:4      | Learned a level 4 spell: Petrify
  2277 | D:4      | Noticed Eustachio
  2286 | D:4      | Killed Eustachio
  2286 | D:4      | Reached skill level 7 in Earth Magic
  2286 | D:4      | Reached XP level 7. HP: 36/36 MP: 12/12
  2398 | D:4      | Noticed a water elemental
  2400 | D:4      | Reached ** piety under Zin
  2401 | D:4      | Found a stormy altar of Qazlal.
  2402 | D:4      | Noticed a fire elemental
  2402 | D:4      | Noticed an air elemental
  2790 | D:4      | Learned a level 5 spell: Lee's Rapid Deconstruction
  3162 | D:4      | Gained mutation: You evolve. [mutagenic hatch]
  3162 | D:5      | Entered Level 5 of the Dungeon
  3331 | D:5      | Reached skill level 8 in Earth Magic
  3727 | D:6      | Found a sand-covered staircase.
  3729 | D:6      | Noticed Pikel
  3730 | D:6      | Reached *** piety under Zin
  3730 | D:6      | Reached XP level 8. HP: 41/41 MP: 12/14
  3748 | D:6      | Killed Pikel
  3748 | D:6      | Reached skill level 5 in Stealth
  3748 | D:6      | Reached skill level 9 in Earth Magic
  3751 | Ossuary  | Entered an ossuary
  3911 | D:6      | Reached **** piety under Zin
  3911 | D:6      | Lost mutation: You are frail. (-10% HP) [Zin's grace]
  3948 | D:6      | Noticed Edmund
  3957 | D:6      | HP: 2/48 [centaur/arrow (5)]
  3963 | D:6      | Found a deep blue altar of Sif Muna.
  3966 | D:6      | Shot with an arrow by a centaur

Skill      XL: |  1  2  3  4  5  6  7  8 |
---------------+-------------------------+-----
Earth Magic    | 5 6 7 8 9 |  9.2
Transmutations | 2 3 |  3.0
Fighting       | 1 2 3 4 |  4.3
Dodging        | 2 3 |  3.9
Stealth        | 3 4 5 |  5.8

Action                   |  1- 3 |  4- 6 |  7- 9 || total
-------------------------+-------+-------+-------++-------
Melee: Rapier            |       |       |     2 ||     2
 Cast: Sandblast         |    38 |    65 |   106 ||   209
       Lee's Rapid Decon |       |       |     9 ||     9
  Use: Scroll            |       |       |     1 ||     1
 Stab: Sleeping          |       |       |     1 ||     1
Armor: Robe              |     1 |     5 |    20 ||    26
Dodge: Dodged            |    10 |    12 |    32 ||    54
